 Dungeon Crawl Stone Soup version 0.30-b1-2-g02819fbbbe (webtiles) character file.

Game seed: 10765810516832743199

(classic levelgen) 2065 EnegeticOcto the Severer (level 9, -9/75 HPs)
             Began as a Minotaur Fighter on May 9, 2023.
             Mangled by a two-headed ogre
             ... wielding a +0 dire flail of holy wrath
              (13 damage)
             ... on level 6 of the Dungeon.
             The game lasted 00:02:23 (3819 turns).

EnegeticOcto the Severer (Minotaur Fighter)         Turns: 3819, Time: 00:02:24

Health: -9/75      AC: 12    Str: 27    XL:     9   Next: 5%
Magic:  8/8        EV: 10    Int:  3    God:
Gold:   157        SH:  5    Dex: 10    Spells: 8/8 levels left

rFire   + . .        y - +9 hand axe of the Painted God {freeze, Drain rElec Str+2 SInv}
rCold   + . .        c - +0 buckler
rNeg    + . .        b - +0 scale mail
rPois   .            (helmet restricted)
rElec   +            t - +2 cloak of Heresy {rF+ rN+}
rCorr   .            r - +0 pair of gloves
SInv    +            (no boots)
Will    .....        (no amulet) Stlth
                     f - ring "Appycwuph" {Fly rElec rC+ Int-2}
HPRegen 0.32/turn    (no ring)
MPRegen 0.11/turn

%: no passive effects
@: flying
A: horns 2, retaliatory headbutt
a: no special abilities


You were on level 6 of the Dungeon.
You visited 1 branch of the dungeon, and saw 6 of its levels.

You collected 301 gold pieces.
You spent 144 gold pieces at shops.

Inventory:

Hand Weapons
 a - a +1 war axe
 y - the +9 hand axe of the Painted God (weapon) {freeze, Drain rElec Str+2 SInv}
   (You bought it in a shop on level 5 of the Dungeon)

   Str:       It affects your strength (+2).
   rElec:     It insulates you from electricity.
   SInv:      It lets you see invisible.
   Drain:     It drains your maximum health when unequipped.
Armour
 b - a +0 scale mail (worn)
 c - a +0 buckler (worn)
 n - a +0 pair of gloves
   (You found it on level 2 of the Dungeon)
 r - a +0 pair of gloves (worn)
   (You found it on level 4 of the Dungeon)
 t - the +2 cloak of Heresy (worn) {rF+ rN+}
   (You found it on level 3 of the Dungeon)

   rF:        It protects you from fire.
   rN:        It protects you from negative energy.
Jewellery
 f - the ring "Appycwuph" (left hand) {Fly rElec rC+ Int-2}
   (You acquired it on level 4 of the Dungeon)

   [ring of flight]

   Int:       It affects your intelligence (-2).
   rC:        It protects you from cold.
   rElec:     It insulates you from electricity.
   Fly:       It grants you flight.
 i - a ring of magical power
   (You found it on level 1 of the Dungeon)
 w - a ring of positive energy
   (You found it on level 5 of the Dungeon)
Wands
 x - a wand of flame (18) {@v4}
   (You found it on level 5 of the Dungeon)
Scrolls
 j - a scroll of identify {@r1}
 l - a scroll of fear
 m - 3 scrolls of immolation
 o - a scroll of fog
 s - a scroll of noise
 v - 3 scrolls of poison {unknown}
Potions
 d - 2 potions of might {@q3}
 e - a potion of resistance {@q5}
 g - 4 potions of curing {@q1}
 h - 3 potions of magic
 k - 4 potions of mutation
 p - a potion of heal wounds {@q2}
 q - a potion of berserk rage {unknown}
 u - a potion of degeneration {unknown}


   Skills:
 + Level 5.9 Fighting
 * Level 15.4 Axes
 + Level 6.0 Armour
 + Level 2.1 Dodging
 + Level 5.8 Shields


You had 8 spell levels left.
You didn't know any spells.
Your spell library was empty.

Dungeon Overview and Level Annotations

Branches:
Dungeon (6/15)
 Temple: D:4-7

Altars:
Fedhas
Kikubaaqudgha
Makhleb
Wu Jian
The Shining One

Shops:
D:2 (   D:5 (

Annotations:
D:3 2 transporters


Innate Abilities, Weirdness & Mutations

You have a pair of horns on your head.
You reflexively headbutt those who attack you in melee.


Message History

You barely miss the orc.
There are monsters nearby!
There are monsters nearby!
There are monsters nearby!
You hit the orc. You freeze the orc.
You kill the orc!
An orc comes into view. It is wielding a +2 dagger of speed.
You hit the adder but do no damage. You barely miss the orc.
A water moccasin comes into view.
The adder bites you.
You are poisoned.
The adder poisons you! The orc completely misses you.
You closely miss the adder.
The water moccasin hisses angrily.
You hit the orc. You freeze the orc.
You kill the orc!
You feel sick. The adder bites you but does no damage.
You slash the adder!
The adder seems to slow down.
You freeze the adder.
You kill the adder!
You hit the adder.
The adder seems to slow down.
You freeze the adder.
You feel sick.
A hound comes into view.
A white imp comes into view.
The orc priest looks encouraged for a moment.
The adder bites you but does no damage.
You closely miss the adder. Your headbutt misses the adder.
The adder is almost dead.
You hit the scorpion. You freeze the scorpion.
You feel sick.
You completely miss the adder. Your headbutt misses the adder.
The adder is almost dead.
You barely miss the scorpion. The scorpion closely misses you.
The adder barely misses you.
You hit the adder.
The adder seems to slow down.
You freeze the adder.
You kill the adder!
You hit the scorpion. You freeze the scorpion.
You feel sick. The scorpion stings you.
You slash the scorpion! You freeze the scorpion.
You kill the scorpion!
You barely miss the orc priest. You completely miss the scorpion.
You feel sick. The scorpion misses you. You furiously retaliate!
You headbutt the scorpion.
You have reached level 9!
Your experience leads to an increase in your attributes!
Your base attributes are Str 23, Int 5, Dex 10.
Increase (s)trength, (i)ntelligence, or (d)exterity?
You feel stronger. x2
You hit the scorpion but do no damage. Your headbutt misses the scorpion.
The scorpion is lightly wounded.
You slash the orc priest! You freeze the orc priest.
The orc priest hits you but does no damage.
You closely miss the orc priest.
You headbutt the orc priest, but do no damage.
The orc priest is almost dead.
You hit the two-headed ogre but do no damage.
You hit the scorpion. You freeze the scorpion.
You feel sick. You block the scorpion's attack.
The white imp grinds its teeth.
The orc priest barely misses you.
The two-headed ogre hits you with a +0 dire flail of holy wrath!
The two-headed ogre hits you with a +0 giant spiked club!
* * * LOW HITPOINT WARNING * * *
You are too injured to fight recklessly!
You are too injured to fight recklessly!
You are too injured to fight recklessly!
You are too injured to fight recklessly!
You are too injured to fight recklessly!
You are too injured to fight recklessly!
You are too injured to fight recklessly!
You are too injured to fight recklessly!
You are too injured to fight recklessly!
You are too injured to fight recklessly!
You feel much better.
You feel sick.
You are no longer poisoned.
The scorpion closely misses you. The scorpion stings you.
You block the orc priest's attack.
You barely miss the two-headed ogre. You closely miss the orc priest.
You hit the scorpion. You freeze the scorpion.
The two-headed ogre hits you with a +0 dire flail of holy wrath!
The two-headed ogre closely misses you.
You slash the two-headed ogre! You freeze the two-headed ogre.
You headbutt the two-headed ogre!
The two-headed ogre is moderately wounded.
You slash the orc priest! You freeze the orc priest.
You kill the orc priest!
You closely miss the scorpion. You slash the hound! You freeze the hound.
The scorpion stings you but does no damage.
The hound barely misses you.
You slash the two-headed ogre! You freeze the two-headed ogre.
Your headbutt misses the two-headed ogre.
The two-headed ogre is severely wounded.
You barely miss the scorpion. You slash the hound! You freeze the hound.
You kill the hound!
You slash the yak! You freeze the yak. The scorpion barely misses you.
Your Armour skill increases to level 6!
You hit the two-headed ogre. You freeze the two-headed ogre.
The two-headed ogre is severely wounded.
You hit the yak. You freeze the yak. You barely miss the scorpion.
The two-headed ogre hits you with a +0 dire flail of holy wrath!!
* * * LOW HITPOINT WARNING * * *
The two-headed ogre hits you with a +0 giant spiked club!
You die...

.. #.####
...######....#
.............#
........#....#
........#....# #
...####.########
#.# ..
#........##...#
#....).)Y......
#..###..@sS.....
#.........O#S..#..
#..###....#F..#...
#.. #...#...#(. #
#.. ......#...#..
#. .##>... #...#..
. <.... ......
.....#. .#...


You could see a two-headed ogre, a yak, a water moccasin, a bullfrog, a scorpion
and an adder.

Vanquished Creatures
  A gargoyle (D:6)
  A steam dragon (D:5)
  Menkaure (D:4)
  A black bear (D:4)
  2 ice beasts (D:5)
  An ogre (D:5)
  A phantom (D:5)
  A bullfrog (D:6)
  4 scorpions
  A howler monkey (D:4)
  A gnoll bouda (D:5)
  A hound (D:6)
  2 orc priests
  A sleepcap (D:5)
  3 iguanas
  Natasha (thrice) (D:2)
  An orc wizard (D:6)
  8 gnolls
  5 adders
  An ufetubus (D:5)
  2 worms
  19 orcs
  4 bats
  13 endoplasms
  3 giant cockroaches
  16 goblins
  6 hobgoblins
  7 ball pythons
  3 frilled lizards
  8 kobolds
  4 rats
125 creatures vanquished.

Notes
Turn   | Place    | Note
-------+----------+-------------------------------------------
     0 | D:1      | EnegeticOcto the Minotaur Fighter began the quest for the
                  | Orb.
     0 | D:1      | Reached XP level 1. HP: 19/19 MP: 0/0
   133 | D:1      | Reached XP level 2. HP: 27/27 MP: 1/1
   237 | D:1      | Reached skill level 3 in Axes
   591 | D:2      | Reached XP level 3. HP: 33/33 MP: 2/2
   868 | D:2      | Noticed Natasha
   871 | D:2      | Killed Natasha
   872 | D:2      | Reached skill level 4 in Axes
   872 | D:2      | Reached XP level 4. HP: 29/40 MP: 3/3
   935 | D:2      | Noticed Natasha
   941 | D:2      | Killed Natasha
   945 | D:2      | Found a blossoming altar of Fedhas.
  1000 | D:2      | Found Hiqinn's Antique Weapon Shoppe.
  1001 | D:2      | Noticed Natasha
  1005 | D:2      | Killed Natasha
  1006 | D:2      | Reached XP level 5. HP: 40/47 MP: 4/4
  1333 | D:3      | Found a transporter.
  1362 | D:3      | Identified the +2 cloak of Heresy {rF+ rN+}
  1401 | D:3      | Found a transporter.
  1953 | D:3      | Found an ancient bone altar of Kikubaaqudgha.
  2119 | D:4      | Reached skill level 14 in Axes
  2119 | D:4      | Reached XP level 6. HP: 46/53 MP: 5/5
  2124 | D:4      | Identified a scroll of acquirement
  2124 | D:4      | Acquired the ring "Appycwuph" {Fly rElec rC+ Int-2}
  2461 | D:4      | Noticed Menkaure
  2466 | D:4      | Killed Menkaure
  2467 | D:4      | Reached XP level 7. HP: 37/60 MP: 6/6
  2468 | D:4      | Reached skill level 5 in Armour
  2484 | D:4      | Reached skill level 5 in Fighting
  2484 | D:4      | Reached skill level 5 in Shields
  2798 | D:4      | Found a burning altar of Makhleb.
  2885 | D:5      | Entered Level 5 of the Dungeon
  2893 | D:5      | Reached skill level 15 in Axes
  2949 | D:5      | Reached XP level 8. HP: 68/68 MP: 7/7
  3130 | D:5      | Reached skill level 1 in Dodging
  3600 | D:5      | Found an ornate altar of the Wu Jian Council.
  3687 | D:5      | Found a glowing golden altar of the Shining One.
  3755 | D:5      | Found Qacuh's Antique Weapon Shoppe.
  3758 | D:5      | Bought a crystal hand axe for 144 gold pieces
  3758 | D:5      | Identified the +9 hand axe of the Painted God {freeze,
                  | Drain rElec Str+2 SInv} (You bought it in a shop on level 5
                  | of the Dungeon)
  3792 | D:6      | Noticed a gargoyle
  3797 | D:6      | Killed a gargoyle
  3802 | D:6      | Noticed a two-headed ogre
  3813 | D:6      | Reached XP level 9. HP: 39/75 MP: 8/8
  3819 | D:6      | Mangled by a two-headed ogre

Illustrated notes

Levels and vault maps discovered:
D:1:      minmay_arrival_loop, layout_rooms, minmay_misc_feat_iff
D:2:      layout_basic, serial_shops, shop_fountains, basic_altar, uniq_natasha
D:3:      gammafunk_steamed_eel, layout_basic, marbit_many_paths, serial_forest,
          infiniplex_forest_lined_1, infiniplex_forest_lined_room_2,
          infiniplex_forest_lined_2, infiniplex_forest_straight_4,
          infiniplex_forest_fountain, infiniplex_forest_straight_2,
          infiniplex_forest_straight_3, infiniplex_forest_zigzag_1
D:4:      layout_loops_ring, lightli_temple_of_fire, mrwooster_statue_mirror,
          hangedman_decor_opposing, uniq_menkaure
D:5:      layout_loops_ring, nicolae_wu_jian_glorious_leap, tso_oasis_becter,
          serial_shops, kennysheep_mini_moat, minmay_ogre_servants
D:6:      cheibrodos_fzero, layout_basic, nemelex_xobeh_ov_fountains_minmay

Skill      XL: |  1  2  3  4  5  6  7  8  9 |
---------------+----------------------------+-----
Axes           | 3 4 14 15 | 15.4
Fighting       | 4 5 |  5.9
Armour         | 4 5 6 |  6.0
Shields        | 4 5 |  5.8
Dodging        | 2 |  2.1

Action                     |  1- 3 |  4- 6 |  7- 9 || total
---------------------------+-------+-------+-------++-------
  Melee: War axe           |    41 |    80 |    85 ||   206
         Headbutt          |     5 |    13 |    12 ||    30
         Hand axe          |       |       |    20 ||    20
    Use: Scroll            |       |    11 |     3 ||    14
         Potion            |       |     1 |     1 ||     2
 Armour: Scale mail        |    21 |    30 |    30 ||    81
  Dodge: Dodged            |    24 |    34 |    49 ||   107
  Block: Buckler           |    10 |    12 |    14 ||    36
